cohdb
Replays
Latest Replays
All Replays
Popular Replays
Top Player Replays
Match Explorer
How It Works
Community
CoH3 Stats
Reddit
Sign in to upload your games and track your stats! →
Sign in with Steam
Match 43695615
Unlisted
Match 43695615
Overview
Messages
Build Orders
End
Vickers Machine Gun Team
Construct Section Command Post
Selects Heavy Armor Battlegroup
Infantry Section
Infantry Section
Construct Field Infirmary
Grenade Package
Infantry Section
Construct Platoon Command Post
Humber Armored Car
6-pounder Anti-tank Gun Team
Construct Company Command Post
Royal Engineer Section
Selects Light Vehicle Withdraw and Refit
Selects Radio Net
Selects Rigorous Vehicle Training
Foot Guards Section
Unlock M3 Grant Medium Tanks
M3 Grant Medium Tank
M3 Grant Medium Tank
Selects Recon Artillery
Recon Artillery
Infantry Section
Infantry Section
Royal Engineer Section
Recon Artillery
M3 Grant Medium Tank
Recon Artillery
Selects Forward Repair Assembly
Armored Vehicle Training
Foot Guards Section
Recon Artillery
Royal Engineer Section
polo2B
Ursa Major
Nap
Martino
taoyangchen
↯↯ Blítzkrieg
0
0
Comments
sign in to comment!
No comments posted yet!